 Dungeon Crawl Stone Soup version 0.21.1-1-g345015f (webtiles) character file.

168 lrcuk01 the Chopper (level 5, -10/47 HPs)
             Began as a Minotaur Berserker on Feb 19, 2018.
             Was a Believer of Trog.
             Killed from afar by an orc (32 damage)
             ... with an exploding inner flame
             ... hexed by the player character
             ... on level 3 of the Dungeon.
             The game lasted 00:11:02 (2614 turns).

lrcuk01 the Chopper (Minotaur Berserker)            Turns: 2614, Time: 00:11:03

Health: -10/47     AC:  2    Str: 22    XL:     5   Next: 24%
Magic:  4/4        EV: 12    Int:  4    God:    Trog [**....]
Gold:   113        SH:  3    Dex: 10    Spells: 4/4 levels left

rFire    . . .     SeeInvis .   a - +0 hand axe
rCold    . . .     Gourm    .   d - +0 buckler
rNeg     . . .     Faith    .   b - +0 animal skin
rPois    .         Spirit   .   (helmet restricted)
rElec    .         Reflect  .   (no cloak)
rCorr    .         Harm     .   (no gloves)
MR       .....                  (no boots)
Stlth    +.........             (no amulet)
HPRegen  0.15/turn              (no ring)
MPRegen  0.09/turn              (no ring)

@: lethally poisoned (-10 -> -12)
A: retaliatory headbutt, horns 2
a: Berserk, Trog's Hand, Burn Spellbooks, Renounce Religion


You were on level 3 of the Dungeon.
You worshipped Trog.
Trog was pleased with you.
You were not hungry.

You visited 1 branch of the dungeon, and saw 3 of its levels.

You collected 113 gold pieces.

Inventory:

Hand Weapons
 a - a +0 hand axe (weapon)
Armour
 b - a +0 animal skin (worn)
 d - a +0 buckler (worn)
 i - a +0 ring mail
Scrolls
 e - 2 scrolls of identify
 h - a scroll of enchant weapon {unknown}
Potions
 g - 2 potions of agility
 j - 2 potions of heal wounds {unknown}
Comestibles
 c - 7 rations


   Skills:
 + Level 4.8 Fighting
 + Level 5.4 Axes
 + Level 2.9 Armour
 + Level 3.2 Dodging
 + Level 0.6 Stealth
 + Level 0.1 Shields


You had 4 spell levels left.
You didn't know any spells.

Dungeon Overview and Level Annotations

Branches:
Dungeon (3/15)

Altars:
Okawaru
Wu Jian


Innate Abilities, Weirdness & Mutations

You reflexively headbutt those who attack you in melee.
You have a pair of horns on your head.


Message History

You furiously retaliate!
You headbutt the orc. The orc hits you with a hand axe.
You feel sick. The goblin closely misses you.
You feel sick. The orc hits you but does no damage.
You feel sick. The orc hits you. The orc misses you. The orc misses you.
You furiously retaliate!
You headbutt the orc, but do no damage.
As you read the scroll of immolation, it crumbles to dust.
The creatures around you are filled with an inner flame!
You feel sick. The orc hits you. The orc hits you with a flail.
You barely miss the orc.
The orc is moderately wounded.
You closely miss the orc. You slash the orc!
The orc explodes!
The fiery explosion engulfs the orc.
The orc explodes!
The fiery explosion engulfs you!
Ouch! That really hurt!
You die...

######### ..
##§§@#...##
...##.§§§oo...##
..#....o......#
.......o......#
###...........# #
#######...†)..>.##
#.#.........)#...##
..........†.##.###
#.......##...#


You could see 4 orcs.

Vanquished Creatures
  Jessica (D:2)
  3 gnolls (D:2)
  5 adders
  An ooze (D:1)
  A worm (D:2)
  A dart slug (D:1)
  4 orcs
  5 bats
  4 giant cockroaches
  4 goblins
  7 hobgoblins
  6 jackals
  2 quokkas
  2 frilled lizards
  9 kobolds
  4 rats
59 creatures vanquished.

Notes
Turn   | Place    | Note
-------+----------+-------------------------------------------
     0 | D:1      | lrcuk01 the Minotaur Berserker began the quest for the Orb.
     0 | D:1      | Reached XP level 1. HP: 19/19 MP: 0/0
   311 | D:1      | Reached XP level 2. HP: 27/27 MP: 1/1
   313 | D:1      | Reached skill level 4 in Axes
  1257 | D:2      | Reached XP level 3. HP: 33/33 MP: 2/2
  1302 | D:2      | Noticed Jessica
  1315 | D:2      | Killed Jessica
  1369 | D:2      | Found an ornate altar of the Wu Jian Council.
  1564 | D:2      | Reached XP level 4. HP: 40/41 MP: 3/3
  1738 | D:2      | Found an iron altar of Okawaru.
  1755 | D:2      | Reached skill level 5 in Axes
  1762 | D:2      | Reached ** piety under Trog
  2260 | D:2      | Reached XP level 5. HP: 47/47 MP: 4/4
  2614 | D:3      | Killed from afar by an orc

Skill      XL: |  1  2  3  4 |
---------------+-------------+-----
Axes           | 4 5 |  5.4
Fighting       | 4 |  4.8
Dodging        | 3 |  3.2
Armour         | |  2.9
Stealth        | |  0.6
Shields        | |  0.1

Action                   |  1- 3 |  4- 6 || total
-------------------------+-------+-------++-------
Melee: Hand axe          |    52 |    67 ||   119
       Headbutt          |    14 |     7 ||    21
  Use: Scroll            |     1 |     1 ||     2
       Potion            |     1 |     2 ||     3
  Eat: Chunk             |     2 |     3 ||     5
Armor: Animal skin       |     7 |    16 ||    23
Dodge: Dodged            |    22 |    44 ||    66
Block: Buckler           |     3 |    13 ||    16
